 Dungeon Crawl Stone Soup version 0.18.1-50-g88ac8fd (webtiles) character file.

737 Iflex the Ducker (level 7, -1/81 HPs)
             Began as a Merfolk Gladiator on Oct 1, 2016.
             Slain by a worker ant (4 damage)
             ... on level 5 of the Dungeon.
             The game lasted 00:23:47 (6134 turns).

Iflex the Ducker (Merfolk Gladiator)                Turns: 6134, Time: 00:23:47

Health: -1/81      AC: 23    Str: 16    XL:     7   Next: 75%
Magic:  7/7        EV:  2    Int:  8    God:
Gold:   222        SH:  0    Dex: 15    Spells: 0 memorised, 6 levels left

rFire  . . .     SeeInvis .     a - +0 trident
rCold  . . .     Gourm    .     (armour currently unavailable)
rNeg   + + +     Faith    .     (no shield)
rPois  +         Spirit   .     (helmet currently unavailable)
rElec  .         Dismiss  .     (cloak currently unavailable)
rCorr  .         Reflect  .     (gloves currently unavailable)
SustAt .         Harm     .     (boots currently unavailable)
MR     .....     NoTele   +     (no amulet)
Stlth  ++........               (no ring)
                                (no ring)

@: lethally poisoned (-1 -> -4), tree-form, not resistant to hostile
enchantments, unstealthy
A: (change form in water), (swift swim)
a: no special abilities


You were on level 5 of the Dungeon.
You were very full.
You were a tree.
You visited 1 branch of the dungeon, and saw 6 of its levels.

You collected 222 gold pieces.

Inventory:

Hand Weapons
 a - a +0 trident (weapon)
 g - a +0 short sword
 x - a +0 trident
 y - a -2 spear
Missiles
 l - 100 stones (quivered)
Armour
 b - a +0 leather armour
 c - a +0 helmet (melded)
 o - a +3 ring mail of cold resistance (melded)
Jewellery
 s - an uncursed ring of flight
Scrolls
 d - a scroll of magic mapping {unknown}
 e - a scroll of enchant armour {unknown}
 f - a scroll of teleportation
 m - 2 scrolls of remove curse
 r - a scroll of recharging
 t - a scroll of noise {unknown}
 z - a scroll of random uselessness {unknown}
Potions
 i - a potion of lignification
 k - 3 potions of cancellation
 n - a potion of magic
 u - a potion of ambrosia {unknown}
 A - a potion of berserk rage {unknown}
Comestibles
 p - a bread ration
 q - 2 fruits
 w - a slice of pizza


   Skills:
 + Level 4.1 Fighting
 + Level 6.7 Polearms
 + Level 3.2 Throwing
 + Level 2.5 Armour
 + Level 7.2 Dodging
 + Level 1.6 Stealth


You had 6 spell levels left.
You didn't know any spells.

Dungeon Overview and Level Annotations

Branches:
Dungeon (6/15)
 Temple: D:4-7

Altars:
Elyvilon
Kikubaaqudgha
Pakellas
Trog
Yredelemnul
The Shining One


Message History

Your +3 ring mail of cold resistance melds into your body.
You feel less resistant to cold.
Your roots penetrate the ground.
You feel strangely stable.
You feel sick.
The worker ant bites you but does no damage.
Something hits you but does no damage.
You feel sick.
The worker ant bites you but does no damage.
A sky beast appears from thin air!
Reactivating autopickup.
The sky beast hits you.
* * * LOW HITPOINT WARNING * * *
The sky beast shocks you.
* * * LOW HITPOINT WARNING * * *
The worker ant bites you.
* * * LOW HITPOINT WARNING * * *
The sky beast hits you but does no damage.
Unknown command.
* * * LOW HITPOINT WARNING * * *
You feel sick. The worker ant bites you.
You die...

##### ### #...##### #.#
#######.....((###### #.#
#...♣a...###P......## #.#
#....Y...#.#..P...Y.. #.#
#........#.(.....P<#.
#.###########....[...#.)..#..P.§.
.....................#._..##.(..>
#.##...######........#....#.P§.#.
#.##...# #........#.........##
#......# #........#.#5....).#
#.##...# #........###PPP....##


You could see a sky beast and a worker ant.

Vanquished Creatures
  A sky beast (D:4)
  A phantom (D:5)
  A centaur (D:5)
  A giant frog zombie (D:5)
  2 hounds (D:2)
  An orc priest (D:5)
  A jelly (D:5)
  2 orc wizards (D:5)
  A centaur skeleton (D:4)
  A worker ant (D:4)
  5 gnolls
  6 adders
  An ooze (D:1)
  2 worms (D:2)
  2 dart slugs
  3 giant geckos
  12 orcs
  3 ball pythons
  5 giant cockroaches
  2 gnoll zombies (D:3)
  9 goblins
  9 hobgoblins
  4 jackals (D:2)
  8 kobolds
  2 quokkas (D:5)
  5 bats
  4 giant newts
  A quokka zombie (D:5)
  7 rats
  3 plants (D:1)
  A withered plant (D:5)
106 creatures vanquished.

Notes
Turn   | Place    | Note
--------------------------------------------------------------
     0 | D:1      | Iflex the Merfolk Gladiator began the quest for the Orb.
     0 | D:1      | Reached XP level 1. HP: 16/16 MP: 1/1
   145 | D:1      | Reached XP level 2. HP: 18/22 MP: 2/2
   636 | D:1      | Reached skill level 5 in Polearms
  1132 | D:2      | Reached XP level 3. HP: 25/27 MP: 3/3
  1203 | D:2      | Found a glowing golden altar of the Shining One.
  1203 | D:2      | Found an oddly glowing altar of Pakellas.
  1296 | D:2      | Reached skill level 5 in Dodging
  1403 | D:2      | Reached XP level 4. HP: 21/34 MP: 4/4
  1643 | D:2      | Reached skill level 1 in Armour
  1647 | D:2      | Reached XP level 5. HP: 26/40 MP: 5/5
  2433 | D:3      | Reached skill level 1 in Stealth
  2665 | D:3      | Found a basalt altar of Yredelemnul.
  3230 | D:4      | Reached XP level 6. HP: 42/47 MP: 6/6
  3822 | D:4      | Reached skill level 6 in Dodging
  4146 | D:5      | Entered Level 5 of the Dungeon
  4179 | D:5      | Noticed a sky beast
  4467 | D:4      | Killed a sky beast
  4671 | D:5      | Found a bloodstained altar of Trog.
  4700 | D:5      | Reached XP level 7. HP: 28/52 MP: 7/7
  4701 | D:5      | Found a white marble altar of Elyvilon.
  4895 | D:5      | Found an ancient bone altar of Kikubaaqudgha.
  5430 | D:5      | Reached skill level 7 in Dodging
  6133 | D:5      | HP: 4/81 [worker ant (2)]
  6134 | D:5      | Slain by a worker ant

Skill      XL: |  1  2  3  4  5  6  7 |
---------------+----------------------+-----
Polearms       | 5 6 |  6.7
Dodging        | 5 6 7 |  7.2
Armour         | 1 2 |  2.5
Fighting       | 3 4 |  4.1
Stealth        | 1 |  1.6
Throwing       | 3 |  3.2

Action                   |  1- 3 |  4- 6 |  7- 9 || total
-------------------------+-------+-------+-------++-------
Melee: Trident           |   189 |   254 |   154 ||   597
       Tailslap          |    23 |       |       ||    23
Throw: Throwing net      |       |     5 |       ||     5
       Stone             |       |    29 |    38 ||    67
  Use: Scroll            |     4 |     4 |     5 ||    13
       Potion            |       |     1 |     3 ||     4
 Stab: Sleeping          |     1 |     3 |       ||     4
       Held in net/web   |       |     1 |       ||     1
  Eat: Bread ration      |     1 |     2 |       ||     3
       Chunk             |       |     3 |       ||     3
       Meat ration       |       |     1 |     1 ||     2
       Pizza             |       |       |     1 ||     1
Armor: Leather armour    |    15 |    51 |    11 ||    77
       Ring mail         |       |       |     7 ||     7
       Skin              |       |       |     4 ||     4
Dodge: Dodged            |    47 |   192 |    76 ||   315
